 Dungeon Crawl Stone Soup version 0.21.1-1-g345015f (webtiles) character file.

12301 Figureslego113 the Basher (level 12, -6/95 HPs)
             Began as a Human Berserker on July 20, 2018.
             Was a High Priest of Trog.
             Mangled by a rust devil (10 damage)
             ... summoned by a kobold demonologist
             ... on level 11 of the Dungeon.
             The game lasted 00:54:16 (13801 turns).

Figureslego113 the Basher (Human Berserker)        Turns: 13801, Time: 00:54:17

Health: -6/95      AC:  2    Str: 20 (21) XL:     12   Next: 18%
Magic:  12/12      EV:  6    Int:  7 (9)  God:    Trog [*****.]
Gold:   744        SH:  0    Dex: 13      Spells: 11/11 levels left

rFire    . . .     SeeInvis +   A - +6 dire flail (holy)
rCold    . . .     Gourm    .   (shield currently unavailable)
rNeg     . . .     Faith    .   w - +0 plate armour
rPois    +         Spirit   .   n - +1 helmet {SInv}
rElec    .         Reflect  .   v - +0 cloak
rCorr    .         Harm     .   (no gloves)
MR       ++...                  h - +1 pair of boots
Stlth    ..........             (no amulet)
HPRegen  1.25/turn              C - ring of flight
MPRegen  0.13/turn              s - ring of poison resistance

@: corroded, regenerating, drained
A: no striking features
a: Berserk, Trog's Hand, Brothers in Arms, Burn Spellbooks, Renounce Religion,
Evoke Flight


You were on level 11 of the Dungeon.
You worshipped Trog.
Trog was extremely pleased with you.
You were very hungry.

You visited 2 branches of the dungeon, and saw 13 of its levels.
You also visited: Ossuary.

You collected 744 gold pieces.

Inventory:

Hand Weapons
 a - a +1 mace
 A - a +6 dire flail of holy wrath (weapon)
Armour
 h - a +1 pair of boots (worn)
 n - a +1 helmet of see invisible (worn)
 v - a +0 cloak (worn)
 w - a +0 plate armour (worn)
 x - a +0 buckler
Jewellery
 s - a ring of poison resistance (right hand)
 C - a ring of flight (left hand)
Wands
 q - a wand of paralysis (9)
 y - a wand of enslavement (10)
 B - a wand of flame (51)
Scrolls
 b - 3 scrolls of fog
 d - 2 scrolls of enchant armour
 e - 6 scrolls of remove curse
 i - 5 scrolls of teleportation
 p - 2 scrolls of fear
 r - 4 scrolls of enchant weapon
 E - a scroll of magic mapping
Potions
 f - a potion of ambrosia {unknown}
 g - 2 potions of cancellation
 j - 2 potions of agility
 k - a potion of mutation
 l - 3 potions of haste
 m - a potion of heal wounds
 t - a potion of berserk rage
 F - a potion of magic
 H - 3 potions of brilliance
Miscellaneous
 J - a phial of floods
Comestibles
 c - 9 rations
 o - 10 chunks of flesh


   Skills:
 + Level 9.3(8.5) Fighting
 + Level 13.8(12.9) Maces & Flails
 - Level 7.0(6.3) Armour
 - Level 2.0(1.3) Dodging
 - Level 5.5(4.8) Shields


You had 11 spell levels left.
You didn't know any spells.

Dungeon Overview and Level Annotations

Branches:
Dungeon (11/15)            Temple (0/1) D:4            Lair (2/6) D:8
    Orc (0/2) D:11
  Swamp: Lair:2-4    Shoals: Lair:2-4     Snake: Lair:2-4    Spider: Lair:2-4

Altars:
Fedhas
Yredelemnul

Shops:
D:5 =

Annotations:
D:11 Maurice


Message History

You are feeling very hungry.
The orc barely misses you. The ice devil barely misses you.
The kobold hits you but does no damage.
You feel drained. The rust devil hits you. The rust devil corrodes you!
The hobgoblin skeleton hits you but does no damage.
The orc skeleton closely misses you.
The shadow imp hits you but does no damage.
The kobold demonologist barely misses you.
The crimson imp shouts, "Get thee hence, thou impertinent tardy-gaited blabberskite!"
You hit the ice devil but do no damage.
The ice devil is almost dead.
The kobold hits you with a dagger of draining.
You feel drained. The ice devil hits you!
* * * LOW HITPOINT WARNING * * *
The ice devil freezes you!
* * * LOW HITPOINT WARNING * * *
The orc hits you with a flail of protection!
* * * LOW HITPOINT WARNING * * *
The rust devil hits you!
You die...

.......Z...###...#
>.....8..........#
Z.....Z...........
W..Zo..###)###....
...Z... #Z###...#
8......###........
...#####..ZZ......
... ##...5ZZZ.....
.. #...Ko@K5.....
#....4K4...##.
#...)%o.O...#
#........5..#
#....o........
#...o.K.....##
.............#
#.............#
#.#...........#


You could see an ice devil, a rust devil, 2 kobold demonologists, a big kobold,
an orc priest, an orc wizard (invisible), a crimson imp, a shadow imp, 2 orcs,
an ufetubus, a goblin zombie, 2 hobgoblin zombies, an ogre zombie, a kobold, a
hobgoblin skeleton, an orc skeleton and a friendly two-headed ogre (berserk).

Vanquished Creatures
  2 hydras
  2 two-headed ogres
  3 black mambas (Lair:1)
  3 spiny frogs (Lair:1)
  A hornet (D:8)
  A spriggan (D:9)
  A hungry ghost (D:5)
  A basilisk (Lair:1)
  A wyvern (D:11)
  A steam dragon (D:7)
  2 wargs
  2 insubstantial wisps (D:7)
  A water moccasin (D:6)
  A porcupine (Lair:1)
  The ghost of Kokal22 the Cudgeler, an amateur TrBe of Trog (D:3)
  An eye of draining (D:10)
  5 ice beasts
  An orc warrior (D:7)
  2 phantoms
  2 necrophages
  8 sky beasts
  A black bear (D:8)
  3 ogres
  3 centaurs
  3 crocodiles
  Blork the orc (D:6)
  6 bullfrogs
  4 elf zombies (Ossuary)
  A gnoll sergeant (D:10)
  A big kobold (D:7)
  A wyvern skeleton (D:7)
  3 scorpions
  14 killer bees
  5 wights (D:6)
  5 crimson imps
  A bullfrog zombie (D:11)
  A centaur zombie (Ossuary)
  10 orc priests
  5 centaur skeletons
  4 hounds
  A human zombie (Ossuary)
  Crazy Yiuf (D:7)
  2 jellies
  A bullfrog skeleton (D:11)
  Jessica (D:3)
  5 iguanas
  9 orc wizards
  7 worker ants
  A big kobold zombie (Ossuary)
  3 ogre zombies (D:11)
  A hound zombie (D:8)
  2 hound skeletons (D:8)
  2 mummies (Ossuary)
  2 worker ant zombies
  7 gnolls
  A howler monkey zombie (D:6)
  16 adders
  2 shadow imps
  An ooze (D:3)
  2 adder skeletons (D:5)
  3 worms
  4 dart slugs
  4 leopard geckos
  39 orcs
  11 bats
  8 giant cockroaches
  6 goblins
  3 hobgoblins
  9 quokkas
  2 ball pythons
  8 frilled lizards
  4 goblin zombies
  A hobgoblin skeleton (D:11)
  9 hobgoblin zombies
  A jackal skeleton (D:5)
  12 kobolds
  13 kobold zombies (Ossuary)
  12 orc zombies
  3 rats
  3 rat zombies (Ossuary)
  A spectral orc (D:7)
337 creatures vanquished.

Vanquished Creatures (others)
  An iguana (D:7)
1 creature vanquished.

Grand Total: 338 creatures vanquished

Notes
Turn   | Place    | Note
-------+----------+-------------------------------------------
     0 | D:1      | Figureslego113 the Human Berserker began the quest for the Orb.
     0 | D:1      | Reached XP level 1. HP: 18/18 MP: 1/1
   268 | D:1      | Reached XP level 2. HP: 21/24 MP: 2/2
   527 | D:1      | Reached skill level 4 in Maces & Flails
   527 | D:1      | Reached XP level 3. HP: 29/29 MP: 3/3
   792 | D:2      | Reached ** piety under Trog
   972 | D:2      | Reached XP level 4. HP: 20/35 MP: 4/4
  1320 | D:2      | Reached skill level 5 in Maces & Flails
  1566 | D:3      | Reached XP level 5. HP: 28/41 MP: 5/5
  1643 | D:3      | Noticed Jessica
  1649 | D:3      | Killed Jessica
  1925 | D:3      | Reached XP level 6. HP: 28/47 MP: 6/6
  2068 | D:3      | Noticed Kokal22's ghost (amateur TrBe)
  2086 | D:3      | HP: 1/47 [Kokal22's ghost (9)]
  2088 | D:3      | Killed Kokal22's ghost
  2088 | D:3      | Reached skill level 6 in Maces & Flails
  2397 | D:3      | Reached XP level 7. HP: 31/52 MP: 7/7
  2920 | D:3      | Reached *** piety under Trog
  2963 | D:4      | Reached skill level 7 in Maces & Flails
  3241 | D:4      | Found a staircase to the Ecumenical Temple.
  3543 | D:4      | Reached skill level 5 in Armour
  3782 | D:5      | Entered Level 5 of the Dungeon
  3790 | D:5      | Reached XP level 8. HP: 42/58 MP: 8/8
  4779 | D:5      | Reached skill level 1 in Shields
  4838 | D:5      | Found Sisosico's Jewellery Boutique.
  4872 | D:6      | Reached **** piety under Trog
  4885 | D:6      | Reached XP level 9. HP: 64/64 MP: 9/9
  4928 | D:5      | Reached skill level 5 in Shields
  5105 | D:6      | Found a sand-covered staircase.
  5110 | Ossuary  | Entered an ossuary
  5607 | Ossuary  | Reached skill level 8 in Maces & Flails
  5785 | D:6      | Reached ***** piety under Trog
  5978 | D:6      | Noticed Blork the orc
  5997 | D:6      | Killed Blork the orc
  6187 | D:6      | Reached skill level 9 in Maces & Flails
  6518 | D:6      | Reached XP level 10. HP: 72/73 MP: 10/10
  6809 | D:7      | Reached skill level 5 in Fighting
  6809 | D:7      | Reached skill level 10 in Maces & Flails
  6907 | D:7      | Found a runed door.
  7413 | D:7      | Found a basalt altar of Yredelemnul.
  7684 | D:7      | Noticed Crazy Yiuf
  7689 | D:7      | Killed Crazy Yiuf
  8127 | D:8      | Reached skill level 11 in Maces & Flails
  8631 | D:8      | Received a gift from Trog
  8691 | D:8      | Found a staircase to the Lair.
  8846 | D:8      | Found a blossoming altar of Fedhas.
  9282 | Lair:1   | Entered Level 1 of the Lair of Beasts
  9334 | Lair:1   | Noticed a black mamba
  9346 | Lair:1   | Killed a black mamba
  9427 | Lair:1   | Noticed a black mamba
  9434 | Lair:1   | Killed a black mamba
  9434 | Lair:1   | Reached XP level 11. HP: 60/83 MP: 11/11
  9655 | Lair:1   | Noticed a six-headed hydra
  9665 | Lair:1   | HP: 4/124 [six-headed hydra (10)]
  9666 | Lair:1   | Killed a six-headed hydra
  9666 | Lair:1   | Reached skill level 12 in Maces & Flails
 10124 | Lair:1   | You fall through a shaft!
 12128 | D:10     | Entered Level 10 of the Dungeon
 12141 | D:10     | Reached skill level 13 in Maces & Flails
 12848 | D:10     | Noticed a two-headed ogre
 12861 | D:10     | Killed a two-headed ogre
 13226 | D:11     | Noticed a four-headed hydra
 13233 | D:11     | Noticed Maurice
 13284 | D:10     | Killed a four-headed hydra
 13284 | D:10     | Reached XP level 12. HP: 78/94 MP: 12/12
 13542 | D:11     | Noticed a two-headed ogre
 13563 | D:11     | Killed a two-headed ogre
 13761 | D:11     | Found a staircase to the Orcish Mines.
 13801 | D:11     | HP: 4/95 [orc/flail of protection (8)]
 13801 | D:11     | Mangled by a rust devil

Skill      XL: |  1  2  3  4  5  6  7  8  9 10 11 12 |
---------------+-------------------------------------+-----
Maces & Flails | 4 5 6 7 9 11 13 | 13.8
Armour         | 3 5 7 |  7.0
Shields        | 4 5 |  5.5
Fighting       | 4 6 8 9 |  9.3
Dodging        | |  2.0

Action                   |  1- 3 |  4- 6 |  7- 9 | 10-12 || total
-------------------------+-------+-------+-------+-------++-------
Melee: Mace              |   110 |   207 |   716 |   349 ||  1382
       Dire flail        |       |       |       |   327 ||   327
Invok: Berserk           |     2 |     5 |     7 |     6 ||    20
       Trog's Hand       |     1 |     2 |     4 |     6 ||    13
       Burn Spellbooks   |       |       |       |     1 ||     1
       Brothers in Arms  |       |       |       |     1 ||     1
Evoke: Wand              |       |       |       |     1 ||     1
  Use: Potion            |       |       |     9 |     8 ||    17
       Scroll            |       |       |     9 |     9 ||    18
 Stab: Invisible         |       |       |       |     1 ||     1
  Eat: Chunk             |     1 |    11 |    18 |    13 ||    43
       Ration            |       |       |     6 |     5 ||    11
Armor: Animal skin       |    15 |       |       |       ||    15
       Chain mail        |    66 |   167 |   116 |       ||   349
       Plate armour      |       |       |   341 |   573 ||   914
       Skin              |       |       |       |    81 ||    81
Dodge: Dodged            |    69 |   108 |   230 |   330 ||   737
Block: Buckler           |       |       |    99 |    93 ||   192
